 Dungeon Crawl Stone Soup version 0.31-a0-879-g1609e0ac53 (webtiles) character file.

Game seed: 4665443092369596463

973 oldriver the Trooper (level 7, -1/58 HPs)
             Began as a Mummy Fighter on Oct 15, 2023.
             Splashed by a jelly's acid (3 damage)
             ... on level 6 of the Dungeon.
             The game lasted 00:06:10 (3937 turns).

oldriver the Trooper (Mummy Fighter)                Turns: 3937, Time: 00:06:11

Health: -1/58      AC: -4    Str: 21    XL:     7   Next: 94%
Magic:  7/7        EV:  9    Int:  7    God:
Gold:   171        SH:  4    Dex: 12    Spells: 6/6 levels left

rFire   x . .        j - +2 whip (venom)
rCold   + . .        c - +0 buckler
rNeg    + + +        b - +0 scale mail
rPois   ∞            (no helmet)
rElec   .            (no cloak)
rCorr   .            i - +0 pair of gloves
SInv    .            (no boots)
Will    .....        (no amulet) Stlth
                     f - ring of flight
HPRegen 0.29/turn    (no ring)
MPRegen 0.10/turn

%: faith
@: corroded, flying
A: cold resistance 1, negative energy resistance 3, torment resistance 2, heat
vulnerability 1, in touch with death 1, no potions, faith
a: no special abilities


You were on level 6 of the Dungeon.
You visited 1 branch of the dungeon, and saw 6 of its levels.

You collected 171 gold pieces.

Inventory:

Hand Weapons
 j - a +2 whip of venom (weapon)
Missiles
 g - 2 poisoned darts
Armour
 b - a +0 scale mail (worn)
 c - a +0 buckler (worn)
 i - a +0 pair of gloves (worn)
Jewellery
 a - a ring of ice
 f - a ring of flight (left hand)
 h - a ring of protection from cold
Scrolls
 d - a scroll of revelation
 e - a scroll of immolation {unknown}
 k - a scroll of poison
 l - a scroll of teleportation
 m - a scroll of vulnerability
 n - a scroll of fog


   Skills:
 + Level 6.1 Fighting
 - Level 2.5 Long Blades
 * Level 5.7 Maces & Flails
 - Level 2.4 Armour
 - Level 2.4 Shields


You had 6 spell levels left.
You didn't know any spells.
Your spell library contained the following spells:

 Spells                   Type           Power      Damage    Failure   Level
 Ensorcelled Hibernation  Hex/Ice        0%         N/A       94%         2
 Passwall                 Tmut/Erth      0%         N/A       94%         2
 Swiftness                Air            0%         N/A       99%         3


Dungeon Overview and Level Annotations

Branches:
Dungeon (6/15)
 Temple: D:4-7

Altars:
Ashenzari
Fedhas

Shops:
D:4 *   D:6 :


Innate Abilities, Weirdness & Mutations

You are immune to poison.
Your flesh is cold resistant. (rC+)
You are immune to negative energy. (rN+++)
You are immune to unholy pain and torment.
You are vulnerable to heat. (rF-)
You are in touch with the powers of death.
You do not drink.
You have a special connection with the divine. (Faith)


Message History

You barely miss the phantom.
The phantom is almost destroyed.
The phantom barely misses you.
You hit the phantom.
The phantom is almost destroyed.
You block the phantom's attack.
You completely miss the phantom.
The phantom is almost destroyed.
The phantom closely misses you.
You barely miss the phantom.
The phantom is almost destroyed.
The phantom closely misses you.
You completely miss the phantom.
The phantom is almost destroyed.
The phantom barely misses you.
You hit the phantom.
You destroy the phantom!
Your Fighting skill increases to level 6!
You hit the jelly.
Your hands burn!
The jelly is lightly wounded.
The jelly hits you.
You are splashed with acid!
You hit the jelly. The acid corrodes you!
Your hands burn!
The jelly is heavily wounded.
The jelly hits you but does no damage.
You hit the jelly.
Your hands burn!
The jelly is severely wounded.
You block the jelly's attack.
You hit the jelly. The acid corrodes you!
Your hands burn!
* * * LOW HITPOINT WARNING * * *
The jelly is almost dead.
The jelly hits you but does no damage.
You hit the jelly. The acid corrodes you!
Your hands burn!
* * * LOW HITPOINT WARNING * * *
The jelly is almost dead.
The jelly hits you.
* * * LOW HITPOINT WARNING * * *
You are splashed with acid!
* * * LOW HITPOINT WARNING * * *
You hit the jelly but do no damage. The acid corrodes you!
Your hands burn!
You die...

...# #.#≈.#.#
.# ...#
#.#≈.#.###.#
####
#..#>#.....#
####.#.....###
#.#........
#'#........
#.#........
#.J.)......
###@...####
######


You could see a jelly.

Vanquished Creatures
  A water moccasin (D:5)
  An ice beast (D:6)
  An ogre (D:6)
  2 phantoms
  A scorpion (D:4)
  A howler monkey (D:5)
  4 hounds
  An orc priest (D:6)
  Jessica (D:2)
  2 iguanas
  2 orc wizards (D:5)
  6 adders
  A white imp (D:5)
  4 ufetubi
  A worm (D:5)
  3 dart slugs
  9 orcs
  5 bats
  8 endoplasms
  4 giant cockroaches (D:1)
  A goblin (D:2)
  5 hobgoblins
  2 jackals (D:2)
  5 quokkas
  9 ball pythons
  2 frilled lizards
  7 kobolds
  6 rats
95 creatures vanquished.

Notes
Turn   | Place    | Note
-------+----------+-------------------------------------------
     0 | D:1      | oldriver the Mummy Fighter began the quest for the Orb.
     0 | D:1      | Reached XP level 1. HP: 18/18 MP: 1/1
   207 | D:1      | Reached XP level 2. HP: 24/24 MP: 2/2
   637 | D:1      | Reached XP level 3. HP: 29/29 MP: 3/3
   887 | D:2      | Noticed Jessica
   895 | D:2      | Killed Jessica
   896 | D:2      | Reached skill level 1 in Maces & Flails
   989 | D:2      | Reached XP level 4. HP: 35/37 MP: 4/4
  1267 | D:3      | Found a broken altar of Ashenzari.
  1308 | D:3      | Noticed a steam dragon
  1600 | D:4      | Reached skill level 4 in Fighting
  1661 | D:4      | Found a blossoming altar of Fedhas.
  1710 | D:4      | Reached XP level 5. HP: 40/42 MP: 5/5
  1843 | D:4      | Identified the +0 robe "Kosuphap" {rElec Will- Dex+4
                  | Stlth+}
  2177 | D:4      | Found Zacw's Fire Supplies.
  2325 | D:5      | Entered Level 5 of the Dungeon
  2339 | D:5      | Reached XP level 6. HP: 24/49 MP: 6/6
  2431 | D:5      | Noticed a water moccasin
  2553 | D:5      | Killed a water moccasin
  2610 | D:5      | Reached skill level 5 in Fighting
  2727 | D:5      | Reached XP level 7. HP: 48/56 MP: 7/7
  3538 | D:5      | Reached skill level 5 in Maces & Flails
  3878 | D:6      | Found Zeevory's Book Shop.
  3931 | D:6      | Reached skill level 6 in Fighting
  3936 | D:6      | HP: 2/58 [acid (10)]
  3937 | D:6      | Splashed by a jelly's acid

Illustrated notes

Levels and vault maps discovered:
D:1:      psy_arrival_whirlpool, layout_basic, hangedman_decor_push
D:2:      layout_rooms, uniq_jessica
D:3:      layout_loops_ring, cheibrodos_ashenzari_chains, serial_rivers,
          chequers_serial_rivers_marsh, chequers_serial_rivers_room_a,
          chequers_serial_rivers_small_a, chequers_serial_rivers_micro_c
D:4:      layout_loops_ring, lemuel_tele_altar, nicolae_shop_fire_sale
          [nicolae_sub_dead_trees]
D:5:      layout_basic
D:6:      layout_basic, serial_shops, nicolae_shop_hallway_stairs,
          amethyst_killhole

Skill      XL: |  1  2  3  4  5  6  7 |
---------------+----------------------+-----
Long Blades    | 2 |  2.5
Maces & Flails | 1 2 3 4 5 |  5.7
Fighting       | 4 5 6 |  6.1
Armour         | |  2.4
Shields        | |  2.4

Action                     |  1- 3 |  4- 6 |  7- 9 || total
---------------------------+-------+-------+-------++-------
  Melee: Long sword        |    69 |       |       ||    69
         Whip              |    32 |   151 |   102 ||   285
    Use: Scroll            |     3 |     4 |     2 ||     9
 Armour: Scale mail        |    71 |    99 |   103 ||   273
  Dodge: Dodged            |    47 |    53 |    52 ||   152
  Block: Buckler           |    26 |    24 |    25 ||    75

Table legend: (Time is in decaauts)
 A = Elapsed time spent in this place.
 B = Non-inter-level travel time spent in this place.
 C = Inter-level travel time spent in this place.
 D = Time resting spent in this place.
 E = Time spent auto-exploring this place.
 F = Levels seen in this place.
 G = Mean time per level.
                   A        B        C        D        E       F      G
               +--------+--------+--------+--------+--------+-----+--------+
         Total |   3958 |   3800 |    158 |    604 |   2319 |   6 |  659.7 |
       Dungeon |   3958 |   3800 |    158 |    604 |   2319 |   6 |  659.7 |
               +--------+--------+--------+--------+--------+-----+--------+

Top non-repeatable levels by time:
     D:5: 1285 daAuts
     D:4: 898 daAuts
     D:1: 891 daAuts
     D:2: 554 daAuts
     D:6: 219 daAuts
     D:3: 108 daAuts
